Map: Kairos Junction LE

Players

IIIIIIIIIIII - Winner!

  • Race: Protoss Protoss
  • League: Diamond
  • Spawn Location: 5:00

wshwk

  • Race: Terran Terran
  • League: Master
  • Spawn Location: 11:00

VOD

Have the link to the VOD?

Description

Time

  • Played on: Aug. 5, 2019, 3:39 p.m.
  • Length: 6:18
Show
View Real Time Build Order
Export as new Build Order

IIIIIIIIIIII Protoss - Winner!

Build Orders:  

Get SALT Encoding   

  12  0:01  Probe  
  13  0:13  Probe  
  14  0:19  Pylon  
  14  0:25  Probe  
  15  0:37  Probe  
  15  0:38  Gateway  
  16  0:49  Probe, Assimilator  
  17  0:56  Assimilator  
  17  1:01  Probe  
  17  1:04  Pylon  
  18  1:13  Probe  
  19  1:22  Gateway  
  19  1:27  Cybernetics Core  
  19  1:30  Probe  
  20  1:41  Pylon  
  20  1:42  Probe  
  21  1:54  Probe, Stalker  
  21  1:55  Warp Gate  
  21  1:59  Stalker  
  24  2:12  Probe  
  27  2:24  Stalker  
  27  2:29  Stalker  
  31  2:41  Robotics Facility  
  31  2:52  Gateway  
  31  3:02  Pylon  
  31  3:04  Stalker  
  33  3:18  Pylon  
  35  3:22  Immortal  
  37  3:43  Stalker  
  37  3:44  Sentry  
  37  3:48  Stalker  
  43  4:02  Warp Prism  
  43  4:22  Stalker  
  43  4:23  Stalker  
  45  4:35  Stalker  
  45  4:37  Immortal  
  49  5:14  Stalker  
  51  5:18  Stalker  
  51  5:19  Stalker  
  43  5:41  Stalker  
  45  5:44  Stalker x2  
  41  6:10  Stalker x3  
Show
View Real Time Build Order
Export as new Build Order

wshwk Terran 

Build Orders:  

Get SALT Encoding   

  12  0:00  SCV  
  13  0:13  SCV  
  14  0:17  Supply Depot  
  14  0:25  SCV  
  15  0:28  Refinery  
  15  0:38  SCV  
  16  0:50  Barracks, SCV  
  17  1:02  SCV  
  18  1:15  SCV  
  19  1:27  SCV  
  20  1:40  Factory  
  20  1:41  Orbital Command  
  20  1:44  Marine  
  21  1:54  Supply Depot  
  21  2:04  Marine, Bunker  
  21  2:08  SCV  
  23  2:20  SCV  
  23  2:22  Marine  
  25  2:33  Command Center  
  25  2:37  SCV  
  25  2:38  Factory Tech Lab  
  25  2:40  Marine  
  27  2:49  Refinery  
  27  2:54  SCV  
  27  2:57  Marine, Supply Depot  
  29  3:18  Siege Tank  
  32  3:20  Supply Depot  
  32  3:21  Supply Depot  
  32  3:24  Starport  
  31  3:33  SCV  
  32  3:45  SCV  
  33  3:50  Siege Tank  
  36  3:58  Orbital Command  
  36  4:00  SCV  
  37  4:06  Starport Tech Lab  
  37  4:07  Factory  
  37  4:12  SCV  
  37  4:16  Marine  
  31  4:27  Siege Tank  
  29  4:34  Marine  
  30  4:50  Bunker  
  30  4:58  Marine  
  30  5:02  SCV x2  
  31  5:13  Siege Tank  
Tags
 
Add a new tag
Caveats
  • Supply blocks, unpowered buildings, or Contaminate may cause inaccurate times.
  • Supply counts are checked every 10 seconds.